 Dungeon Crawl Stone Soup version 0.21.1-1-g345015fe64 (webtiles) character file.

84765 Jerry the Carver (level 15, -4/109 HPs)
             Began as an Octopode Fighter on Feb 28, 2018.
             Was an Initiate of Gozag.
             Shot with a bolt by a yaktaur (18 damage)
             ... on level 15 of the Dungeon.
             The game lasted 02:46:07 (33209 turns).

Jerry the Carver (Octopode Fighter)                Turns: 33209, Time: 02:46:08

Health: -4/109     AC:  4    Str: 17    XL:     15   Next: 81%
Magic:  21/21      EV: 21    Int: 13    God:    Gozag
Gold:   1500       SH:  9    Dex: 14    Spells: 17/22 levels left

rFire    + . .     SeeInvis .   R - +1 scimitar (flame)
rCold    + + .     Gourm    .   v - +3 buckler {AC+3}
rNeg     + + .     Faith    .   (helmet restricted)
rPois    +         Spirit   .   J - amulet of regeneration
rElec    .         Reflect  .   s - ring of protection from cold
rCorr    .         Harm     .   x - ring of Shadows {Umbra +Inv Stlth+}
MR       +++..                  f - ring of protection from magic
Stlth    +++++++++.             y - ring of protection from magic
HPRegen  0.68/turn              (no ring)
MPRegen  0.17/turn              G - ring of wizardry
                                X - ring of Youthful Indiscretion {rPois rF+ rN+}
                                Y - ring of Rationality {rC+ rN+}

@: gold aura, wreathed by umbra
A: almost no armour, stealthy swim, amphibious, 8 rings, constrict 8, camouflage
1, gelatinous body 1
a: Potion Petition, Call Merchant, Bribe Branch, Renounce Religion, Evoke
Invisibility


You were on level 15 of the Dungeon.
You worshipped Gozag.
Gozag was most pleased with you.
You were not hungry.

You visited 4 branches of the dungeon, and saw 24 of its levels.
You also visited: Labyrinth and Bailey.

You collected 7175 gold pieces.
You spent 2250 gold pieces at shops.
You paid 3425 gold pieces to Gozag.

Inventory:

Hand Weapons
 R - a +1 scimitar of flaming (weapon)
 T - the +10 zealot's sword {holy, *Rage rN+ EV+3}
   (You found it in a labyrinth)

   It has been blessed by the Shining One to cause great damage to the undead
   and demons.
   It affects your evasion (+3).
   It protects you from negative energy.
   It may make you go berserk in combat.
Armour
 v - a +3 buckler of protection (worn)
Jewellery
 f - a ring of protection from magic (on tentacle)
 s - a ring of protection from cold (left tentacle)
 x - the ring of Shadows (right tentacle) {Umbra +Inv Stlth+}
   (You found it on level 5 of the Dungeon)

   [ring of stealth]

   It lets you turn invisible.
   It makes you more stealthy.
 y - a ring of protection from magic (on tentacle)
 G - a ring of wizardry (on tentacle)
 I - an uncursed ring of fire
 J - an amulet of regeneration (around mantle)
 X - the ring of Youthful Indiscretion (on tentacle) {rPois rF+ rN+}
   (You bought it in a shop on level 2 of the Lair of Beasts)

   [ring of positive energy]

   It protects you from fire.
   It protects you from poison.
   It protects you from negative energy.
 Y - the ring of Rationality (on tentacle) {rC+ rN+}
   (You bought it in a shop on level 2 of the Lair of Beasts)

   [ring of positive energy]

   It protects you from cold.
   It protects you from negative energy.
Wands
 b - a wand of enslavement (37)
 e - a wand of paralysis (18)
 A - a wand of acid (7)
 B - a wand of polymorph (11)
 C - a wand of disintegration (15)
 L - a wand of clouds (8)
Scrolls
 a - a scroll of fear
 j - 2 scrolls of blinking
 l - 5 scrolls of remove curse
 o - 8 scrolls of identify
 p - 3 scrolls of fog
 r - 5 scrolls of amnesia
 z - a scroll of vulnerability {unknown}
 D - a scroll of immolation
 E - a scroll of acquirement
 N - a scroll of summoning
 P - 2 scrolls of enchant weapon
 U - 2 scrolls of enchant armour
 Z - 8 scrolls of teleportation
Potions
 c - a potion of might
 g - a potion of lignification
 h - 2 potions of resistance
 k - 3 potions of haste
 n - 3 potions of mutation
 q - 4 potions of curing
 t - 2 potions of cancellation
 u - 3 potions of berserk rage
 w - 3 potions of brilliance
 F - 3 potions of invisibility
 H - 2 potions of magic
 M - 2 potions of ambrosia
 S - a potion of agility
 W - 5 potions of flight
Books
 i - a book of Unlife

   Spells                             Type                      Level
   a - Recall                         Summoning/Translocation      3
   b - Animate Dead                   Necromancy                   4
   c - Borgnjor's Vile Clutch         Necromancy/Earth             5
   d - Death Channel                  Necromancy                   6
   e - Simulacrum                     Ice/Necromancy               6
 K - a book of Callings

   Spells                             Type                      Level
   a - Summon Small Mammal            Summoning                    1
   b - Call Imp                       Summoning                    2
   c - Call Canine Familiar           Summoning                    3
   d - Summon Guardian Golem          Hexes/Summoning              3
   e - Summon Lightning Spire         Summoning/Air                4
   f - Summon Ice Beast               Ice/Summoning                4
 O - a book of Minor Magic

   Spells                             Type                      Level
   a - Magic Dart                     Conjuration                  1
   b - Blink                          Translocation                2
   c - Call Imp                       Summoning                    2
   d - Slow                           Hexes                        2
   e - Conjure Flame                  Conjuration/Fire             3
   f - Mephitic Cloud                 Conjuration/Poison/Air       3
Miscellaneous
 m - a fan of gales
 Q - a phial of floods
Comestibles
 d - 19 rations


   Skills:
 + Level 12.5 Fighting
 - Level 14.8 Long Blades
 + Level 12.8 Dodging
 - Level 11.8 Stealth
 - Level 8.6 Shields
 + Level 4.2 Spellcasting
 + Level 4.6 Summonings
 - Level 9.0 Evocations


You had 17 spell levels left.
You knew the following spells:

 Your Spells              Type           Power        Failure   Level  Hunger
a - Call Canine Familiar  Summ           ##......     3%          3    ###....
b - Call Imp              Summ           ##......     1%          2    ##.....


Dungeon Overview and Level Annotations

Branches:
Dungeon (15/15)            Temple (1/1) D:7            Lair (6/6) D:9
  Swamp (2/4) Lair:2        Snake (0/4) Lair:2        Slime (0/5) Lair:5
    Orc (0/2) D:12         Vaults (0/5) D:13
 Depths: D:15

Altars:
Ashenzari
Cheibriados
Fedhas
Gozag
Kikubaaqudgha
Makhleb
Nemelex Xobeh
Okawaru
Vehumet
Wu Jian
Yredelemnul
Zin
The Shining One
Jiyva

Shops:
D:5 [   D:6 :   D:12 :[   Lair:1 *   Lair:2 =   Lair:3 =

Annotations:
D:3 Jerry's ghost, amateur OpFi
Lair:5 1 runed door
Swamp:2 Kirke


Innate Abilities, Weirdness & Mutations

You cannot wear most types of armour.
You are very stealthy in the water. (Stealth+)
You are amphibious.
You can wear up to eight rings at the same time.
You can use your tentacles to constrict eight enemies at once.
Your skin changes colour to match your surroundings (Stealth+).
Your rubbery body absorbs attacks. (AC +1, EV +1)


Message History

You completely miss the yaktaur.
The yaktaur is heavily wounded.
You block the yaktaur's attack. The yaktaur misses you.
You riposte.
You slash the yaktaur! You burn the yaktaur.
You kill the yaktaur!
The yaktaur hits you!
The yaktaur shoots a bolt.
The bolt hits you!!
You completely miss the yaktaur.
The yaktaur is heavily wounded.
You block the yaktaur's attack. The yaktaur hits you!
* * * LOW HITPOINT WARNING * * *
You block the yaktaur's attack. The yaktaur hits you!
* * * LOW HITPOINT WARNING * * *
The yaktaur unwields an uncursed arbalest.
The yaktaur misses you.
You riposte.
You slice the yaktaur!! You burn the yaktaur!
The yaktaur is severely wounded.
The yaktaur wields an arbalest.
The yaktaur shoots a bolt.
The bolt hits you!!
You die...
Your body crumbles into a pile of gold.

...........#.#..)..............
...........#.####..............
#...........#....#..............
#...........#....#..............
...........#....##........####.
###.....#..####### #.
#..(.c..#..# #. ..###.(c..#..#
#. .....'c$@..# #. .....#..c..#
#. .....#.....# #. .... #.....#
#. .... ####..# ... ..# ..# ###


You could see 4 yaktaurs.

Vanquished Creatures
  Nessos (D:15)
  Azrael (D:13)
  A minotaur (Lab)
  Josephine (D:10)
  2 fire dragons
  Erolcha (D:10)
  7 hydras
  4 vault guards (D:13)
  Erica (D:10)
  A catoblepas (Lair:6)
  8 two-headed ogres
  An anaconda (Lair:6)
  A death knight (D:13)
  An alligator (Swamp:1)
  2 centaur warriors
  2 unseen horrors (D:10)
  A wizard (D:14)
  An obsidian statue (D:13)
  An orc knight (Bailey)
  2 lindwurms (Lair:5)
  3 ugly things
  5 cyclopes
  An orc sorcerer (Bailey)
  2 manticores
  An ice statue (D:13)
  3 centaur zombies
  5 black mambas
  17 spiny frogs
  A rime drake (Lair:5)
  A freezing wraith (D:14)
  2 yaktaurs (D:15)
  2 kobold demonologists
  8 komodo dragons
  An efreet (D:14)
  A tengu conjurer (D:10)
  2 meliai (D:15)
  3 trolls
  5 tyrant leeches
  3 hornets
  7 blink frogs
  14 dream sheep (Lair:6)
  Prince Ribbit (D:8)
  A meliai zombie (D:12)
  3 slime creatures
  5 hippogriffs
  6 bog bodies
  3 shadows
  A vampire (D:13)
  4 wyverns
  5 wraiths
  Grum (D:10)
  5 basilisks
  A fire elemental (D:12)
  55 yaks
  2 hungry ghosts
  9 vampire mosquitoes
  A steam dragon (D:13)
  11 swamp worms
  6 insubstantial wisps (Swamp:2)
  2 soldier ants
  3 hell hounds
  11 porcupines
  19 orc warriors
  22 water moccasins
  5 swamp drakes
  An ice beast (D:14)
  9 sky beasts
  An eye of draining (D:14)
  A hornet zombie (D:8)
  2 black bears (D:9)
  6 ogres
  30 wolves
  14 centaurs
  25 crocodiles
  2 big kobolds
  20 bullfrogs
  2 wyvern zombies
  2 wyvern skeletons
  3 scorpions
  6 killer bees (D:8)
  11 electric eels
  8 wights
  6 crimson imps
  3 bullfrog zombies
  A quasit (D:9)
  8 orc priests
  3 hounds
  4 jellies
  13 orc wizards
  4 centaur skeletons
  3 iguanas
  11 worker ants
  12 hell rats
  A hound zombie (D:10)
  A mummy (D:4)
  A worker ant zombie (D:5)
  A gnoll (Bailey)
  20 adders
  2 shadow imps (D:13)
  An adder zombie (D:5)
  An adder skeleton (D:9)
  A worm (D:4)
  2 dart slugs
  6 leopard geckos
  62 orcs
  4 ball pythons
  9 giant cockroaches
  12 goblins
  16 hobgoblins
  7 jackals
  2 quokkas
  14 bats
  9 frilled lizards
  A giant cockroach zombie (D:5)
  A hobgoblin zombie (D:4)
  17 kobolds
  2 kobold zombies (D:4)
  A leopard gecko skeleton (D:5)
  A leopard gecko zombie (D:2)
  An orc zombie (D:4)
  A quokka zombie (D:9)
  3 rats
  A butterfly (Lair:6)
  A plant (Lair:6)
722 creatures vanquished.

Vanquished Creatures (collateral kills)
  A tyrant leech (Lair:2)
1 creature vanquished.

Vanquished Creatures (others)
  A centaur zombie (D:14)
  A meliai (D:15)
  An orc wizard (D:5)
  A bush (Lair:3)
  21 fungi
  39 plants
64 creatures vanquished.

Grand Total: 787 creatures vanquished

Notes
Turn   | Place    | Note
-------+----------+-------------------------------------------
     0 | D:1      | Jerry the Octopode Fighter began the quest for the Orb.
     0 | D:1      | Reached XP level 1. HP: 16/16 MP: 1/1
   246 | D:1      | Reached XP level 2. HP: 11/21 MP: 2/2
  1134 | D:2      | Reached XP level 3. HP: 22/26 MP: 3/3
  1324 | D:2      | Found a shattered altar of Ashenzari.
  1764 | D:2      | Reached XP level 4. HP: 19/31 MP: 4/4
  2201 | D:3      | Reached XP level 5. HP: 28/37 MP: 5/5
  2316 | D:3      | Reached skill level 3 in Long Blades
  2666 | D:3      | Noticed Jerry's ghost (amateur OpFi)
  3683 | D:3      | HP: 1/37 [poisoned by a worker ant]
  4010 | D:4      | Reached XP level 6. HP: 21/43 MP: 6/6
  4911 | D:5      | Entered Level 5 of the Dungeon
  4973 | D:5      | Reached skill level 4 in Long Blades
  4973 | D:5      | Reached skill level 1 in Stealth
  4973 | D:5      | Reached XP level 7. HP: 49/49 MP: 7/7
  5072 | D:5      | Found the ring of Shadows {Umbra +Inv Stlth+}
  5252 | D:5      | You fall through a shaft for 3 floors!
  5291 | D:7      | Found an ancient bone altar of Kikubaaqudgha.
  5324 | D:7      | Noticed a hippogriff
  5353 | D:7      | Found a glowing silver altar of Zin.
  5435 | D:7      | Reached skill level 5 in Dodging
  5449 | D:7      | Reached skill level 5 in Long Blades
  5473 | D:7      | Reached skill level 5 in Fighting
  5489 | D:7      | Killed a hippogriff
  5489 | D:7      | Reached XP level 8. HP: 22/55 MP: 8/8
  5748 | D:7      | Found a snail-covered altar of Cheibriados.
  5748 | D:7      | Found an iron altar of Okawaru.
  5862 | D:6      | Found Duarunt's Book Boutique.
  6106 | D:6      | Reached skill level 6 in Long Blades
  6624 | D:5      | Found Hopputum's Antique Armour Emporium.
  6858 | D:6      | Reached skill level 5 in Stealth
  7371 | D:7      | Noticed a wyvern
  7386 | D:7      | Killed a wyvern
  7386 | D:7      | Reached XP level 9. HP: 23/62 MP: 9/9
  7588 | D:7      | Found a staircase to the Ecumenical Temple.
  7597 | Temple   | Entered the Ecumenical Temple
  7618 | Temple   | Became a worshipper of Gozag Ym Sagoz the Greedy
  7808 | D:8      | Reached skill level 7 in Long Blades
  8057 | D:8      | Reached skill level 1 in Evocations
  8145 | D:8      | Noticed Prince Ribbit
  8803 | D:9      | Reached skill level 8 in Long Blades
  9414 | D:9      | Reached XP level 10. HP: 40/69 MP: 12/12
  9678 | D:8      | Killed Prince Ribbit
  9873 | D:8      | Found a burning altar of Makhleb.
 10097 | D:8      | Reached skill level 9 in Long Blades
 10656 | D:9      | Found a staircase to the Lair.
 10717 | D:10     | Entered Level 10 of the Dungeon
 10727 | D:10     | Noticed a two-headed ogre
 10757 | D:10     | Killed a two-headed ogre
 10994 | D:10     | Noticed Grum
 11019 | D:10     | Killed Grum
 11130 | D:10     | Noticed Erolcha
 11178 | Lair:1   | Entered Level 1 of the Lair of Beasts
 11205 | D:9      | Reached XP level 11. HP: 45/76 MP: 14/14
 11213 | D:9      | Reached skill level 5 in Evocations
 11221 | D:9      | Reached skill level 10 in Long Blades
 12460 | Lair:1   | Reached skill level 10 in Stealth
 12807 | Lair:1   | Bought a scroll labeled FEIPOO ZAREICH for 32 gold pieces
 12807 | Lair:1   | Bought a scroll of identify for 64 gold pieces
 12807 | Lair:1   | Bought a scroll of blinking for 240 gold pieces
 12807 | Lair:1   | Bought a scroll of teleportation for 96 gold pieces
 12862 | Lair:2   | Reached skill level 11 in Long Blades
 13305 | Lair:2   | Reached XP level 12. HP: 66/84 MP: 16/16
 13741 | Lair:2   | Found a staircase to the Snake Pit.
 13830 | Lair:2   | Found a staircase to the Swamp.
 14687 | Lair:3   | Reached skill level 12 in Long Blades
 16422 | Lair:4   | Reached XP level 13. HP: 84/92 MP: 19/19
 16495 | Lair:4   | Reached skill level 10 in Dodging
 16500 | Lair:4   | Reached skill level 10 in Fighting
 17789 | Lair:4   | Reached skill level 13 in Long Blades
 18072 | Lair:5   | Paralysed by a hornet for 2 turns
 18079 | Lair:4   | Paralysed by a hornet for 1 turns
 19731 | Lair:5   | Found a runed door.
 19732 | Lair:5   | Found a viscous altar of Jiyva.
 19733 | Lair:5   | Found a staircase to the Slime Pits.
 19733 | Lair:5   | Noticed an azure jelly
 19923 | Lair:5   | HP: 3/93 [yak (11)]
 20073 | Lair:6   | Entered Level 6 of the Lair of Beasts
 20663 | Lair:6   | Reached skill level 5 in Shields
 21077 | Lair:6   | HP: 2/93 [catoblepas (25)]
 21996 | Lair:5   | Reached skill level 14 in Long Blades
 22757 | Lair:6   | Reached XP level 14. HP: 99/99 MP: 20/20
 22760 | Lair:6   | Noticed a dire elephant
 22760 | Lair:6   | Noticed a dire elephant
 22766 | Lair:6   | Noticed a dire elephant
 22807 | Lair:6   | Noticed a dire elephant
 22938 | Lair:2   | Bought the ring of Youthful Indiscretion {rPois rF+ rN+} for 496 gold pieces
 22938 | Lair:2   | Bought the ring of Rationality {rC+ rN+} for 442 gold pieces
 22989 | Swamp:1  | Entered Level 1 of the Swamp
 23910 | Swamp:1  | Noticed a tentacled monstrosity
 24353 | Swamp:2  | Noticed a thorn hunter
 24759 | Swamp:2  | Noticed Kirke
 25316 | D:10     | Killed Erolcha
 25411 | D:10     | Noticed Josephine
 25430 | D:10     | Killed Josephine
 25473 | D:10     | Noticed Erica
 25494 | D:10     | Killed Erica
 26202 | D:11     | Found a labyrinth entrance.
 26221 | Lab      | Entered a labyrinth
 26446 | Lab      | Got a twitching marble ring
 26476 | Lab      | Found the +10 zealot's sword {holy, *Rage rN+ EV+3}
 26479 | Lab      | Identified the cursed ring of Hyisith {MR+ AC-3 Str+3 Int+3 Stlth+} (You took it off a minotaur in a labyrinth)
 26487 | Lab      | Got a bloodstained bardiche {chop}
 27260 | D:12     | Found Liewnem's Armour Shoppe.
 27294 | D:12     | Found a flagged portal.
 27351 | Bailey   | Entered a bailey
 27638 | Bailey   | Found an iron altar of Okawaru.
 28045 | Bailey   | Got a steaming scythe {slice}
 28422 | D:12     | Found a staircase to the Orcish Mines.
 28482 | D:12     | Reached XP level 15. HP: 107/108 MP: 21/21
 28942 | D:13     | Found a gate to the Vaults.
 29252 | D:12     | Bought a book of Beasts for 880 gold pieces
 29257 | D:12     | Learned a level 3 spell: Call Canine Familiar
 29311 | D:13     | Noticed Azrael
 29355 | D:13     | Killed Azrael
 29500 | D:13     | Reached skill level 1 in Summonings
 29679 | D:13     | Reached skill level 1 in Spellcasting
 30970 | D:14     | Found a runed door.
 31243 | D:14     | Found a blossoming altar of Fedhas.
 31386 | D:14     | Found a runed door.
 31391 | D:14     | Learned a level 2 spell: Call Imp
 32138 | D:15     | Entered Level 15 of the Dungeon
 32336 | D:15     | Noticed Nessos
 32355 | D:15     | Killed Nessos
 33209 | D:15     | Shot with a bolt by a yaktaur

Skill      XL: |  1  2  3  4  5  6  7  8  9 10 11 12 13 14 15 |
---------------+----------------------------------------------+-----
Long Blades    | 3 4 5 6 8 9 11 12 14 | 14.8
Dodging        | 4 5 6 7 8 9 10 11 12 | 12.8
Shields        | 4 5 7 8 |  8.6
Fighting       | 4 5 6 7 8 9 10 11 12 | 12.5
Stealth        | 1 3 5 7 8 10 11 | 11.8
Evocations     | 3 4 6 8 9 |  9.0
Summonings     | 4 |  4.6
Spellcasting   | 4 |  4.2

Action                   |  1- 3 |  4- 6 |  7- 9 | 10-12 | 13-15 || total
-------------------------+-------+-------+-------+-------+-------++-------
Melee: Long sword        |    71 |   119 |   251 |   831 |   651 ||  1923
       Constrict         |    23 |    42 |    59 |    83 |   191 ||   398
       Tentacles         |    11 |    24 |    74 |   233 |   501 ||   843
       Short sword       |       |       |       |       |   303 ||   303
       Scimitar          |       |       |       |       |   771 ||   771
 Cast: Call Imp          |       |       |       |       |     3 ||     3
       Call Canine Famil |       |       |       |       |     2 ||     2
Invok: Call Merchant     |       |       |       |     2 |     2 ||     4
 Abil: Evoke Invisibilit |       |       |     1 |     1 |     7 ||     9
       Evoke Berserk Rag |       |       |     1 |       |       ||     1
       Evoke Flight      |       |       |       |       |     2 ||     2
Evoke: Wand              |       |     1 |       |     3 |    26 ||    30
  Use: Potion            |       |       |     1 |     1 |    10 ||    12
       Scroll            |       |       |     7 |     6 |    35 ||    48
 Stab: Sleeping          |     5 |     7 |    21 |    32 |    57 ||   122
       Distracted        |       |       |     2 |     8 |    18 ||    28
       Invisible         |       |       |     2 |     4 |    15 ||    21
       Petrifying        |       |       |       |       |     1 ||     1
       Petrified         |       |       |       |       |     1 ||     1
       Confused          |       |       |       |       |     2 ||     2
  Eat: Chunk             |     3 |     9 |     9 |       |       ||    21
       Ration            |       |       |     4 |     7 |    17 ||    28
Armor: Skin              |     8 |     2 |    28 |    32 |    85 ||   155
Dodge: Dodged            |    24 |    77 |   175 |   551 |   908 ||  1735
Block: Shield            |    41 |    58 |       |       |       ||    99
       Buckler           |       |       |    81 |   248 |   469 ||   798
       Rpst.: Long sword |     6 |    26 |    58 |   154 |   105 ||   349
       Scimitar          |       |       |       |       |    95 ||    95
